Map: Tours du crépuscule

Players

zidar

  • Race: Zerg Zerg
  • League: Gold
  • Spawn Location: 7:00

karpidis - Winner!

  • Race: Terran Terran
  • League: Gold
  • Spawn Location: 1:00

VOD

Have the link to the VOD?

Description

Time

  • Played on: June 7, 2016, 3:36 p.m.
  • Length: 21:02
Show
View Real Time Build Order
Export as new Build Order

zidar Zerg 

Build Orders: Pool First, Muta Ling Bane 

Get SALT Encoding   

  12  0:01  Drone  
  13  0:12  Overlord  
  13  0:17  Drone  
  14  0:30  Drone x2  
  14  0:34  Drone  
  17  0:49  Spawning Pool  
  16  0:50  Drone  
  17  1:16  Drone  
  17  1:17  Hatchery  
  17  1:25  Drone  
  17  1:28  Extractor, Drone  
  18  1:32  Overlord  
  17  1:43  Queen  
  17  1:47  Drone  
  20  2:03  Drone  
  20  2:07  Drone  
  22  2:14  Drone  
  23  2:22  Queen, Extractor  
  24  2:30  Metabolic Boost  
  24  2:36  Drone x3  
  27  2:45  Drone  
  28  2:59  Drone x5  
  33  3:07  Pneumatized Carapace  
  33  3:12  Zergling x4  
  35  3:30  Spore Crawler  
  34  3:34  Spore Crawler  
  33  3:43  Spore Crawler  
  33  3:46  Spore Crawler  
  31  3:49  Lair  
  31  3:57  Drone x3  
  34  4:04  Drone x2  
  36  4:17  Baneling Nest  
  36  4:19  Zergling x2  
  36  4:21  Overlord x2  
  36  4:22  Overlord  
  36  5:01  Spire  
  35  5:18  Hatchery  
  34  5:22  Overseer  
  34  5:30  Zergling x24  
  34  5:33  Centrifical Hooks  
  46  5:49  Baneling  
  46  5:50  Baneling x5  
  46  5:59  Extractor  
  46  6:01  Drone  
  46  6:02  Extractor, Drone x5  
  50  6:06  Drone x2  
  50  6:07  Drone  
  50  6:10  Drone x2  
  55  6:15  Mutalisk x2  
  59  6:19  Overlord x2  
  59  6:22  Zerg Flyer Weapons Level 1  
  59  6:33  Evolution Chamber  
  59  6:37  Evolution Chamber  
  57  6:53  Queen  
  59  6:54  Drone x3  
  59  6:57  Drone x7  
  69  7:04  Overlord  
  69  7:05  Overlord x2  
  69  7:10  Zerg Ground Armor Level 1  
  69  7:11  Zerg Melee Weapons Level 1  
  69  7:26  Drone x10  
  79  7:38  Queen  
  79  7:43  Zergling x10  
  86  7:56  Extractor  
  86  7:58  Overlord x3, Extractor  
  84  7:59  Overlord x2  
  84  8:14  Infestation Pit  
  83  8:43  Mutalisk x4  
  83  8:44  Mutalisk  
  83  8:47  Zergling x16  
  83  8:48  Zergling x2  
  102  8:50  Overlord x4  
  102  8:56  Hive  
  102  9:04  Zerg Ground Armor Level 2  
  102  9:05  Zerg Melee Weapons Level 2  
  102  9:08  Baneling  
  102  9:09  Baneling x8  
  102  9:10  Baneling x4  
  102  9:33  Drone x3  
  102  9:34  Drone x3  
  82  10:37  Overlord x13  
  72  10:55  Zergling x22  
  67  11:41  Zergling x12  
  72  12:09  Spawning Pool  
  71  12:16  Hatchery  
  68  12:54  Overlord x6  
  67  13:06  Spore Crawler  
  67  13:08  Spore Crawler  
  67  13:09  Spore Crawler  
  67  13:10  Spore Crawler  
  62  13:39  Zergling x12  
  68  13:51  Lair  
  68  14:04  Zergling x8  
  72  14:25  Overlord x6  
  70  15:27  Spire  
  69  15:42  Spore Crawler  
  69  15:44  Spore Crawler  
  69  15:48  Spore Crawler  
  57  16:06  Spore Crawler x2  
  45  16:40  Mutalisk x6  
  45  16:41  Mutalisk x8  
  45  16:45  Lair  
  73  17:14  Mutalisk x6  
  83  17:36  Mutalisk  
  83  17:37  Mutalisk  
  87  17:57  Overseer  
  69  18:44  Overseer  
  69  18:48  Mutalisk  
  69  18:49  Mutalisk x9  
  82  19:20  Mutalisk x4  
  22  20:24  Mutalisk x4  
Show
View Real Time Build Order
Export as new Build Order

karpidis Terran - Winner!

Build Orders: Banshee Rush 

Get SALT Encoding   

  12  0:02  SCV  
  14  0:14  SCV  
  14  0:21  Supply Depot  
  14  0:26  SCV  
  15  0:42  Refinery  
  15  0:43  SCV  
  15  0:45  Refinery  
  16  0:53  Barracks  
  16  0:59  SCV  
  17  1:15  SCV  
  18  1:27  SCV  
  19  1:44  Supply Depot  
  19  1:48  Barracks Tech Lab, SCV, Factory  
  20  2:00  SCV  
  21  2:12  SCV  
  21  2:13  Marauder  
  24  2:24  SCV  
  25  2:34  Factory Tech Lab  
  25  2:36  Starport  
  25  2:48  Starport  
  25  2:51  SCV  
  25  2:57  Barracks Reactor  
  26  3:07  Orbital Command  
  26  3:20  Cloaking Field  
  26  3:22  Banshee  
  29  3:42  Supply Depot  
  29  3:48  Banshee  
  29  3:50  SCV  
  33  4:00  Factory Tech Lab  
  33  4:01  Marine x2  
  35  4:03  SCV  
  36  4:13  Supply Depot  
  36  4:22  Command Center  
  36  5:19  Command Center  
  36  5:37  Engineering Bay  
  36  5:47  Viking x2  
  40  5:50  SCV  
  41  6:07  Marine x2, Siege Tank  
  46  6:16  Missile Turret  
  46  6:23  SCV x2  
  46  6:25  Marine x2  
  50  6:35  SCV x2, Orbital Command  
  50  6:39  Refinery  
  52  6:43  Marine x2  
  54  6:47  SCV x2  
  54  6:50  Missile Turret  
  56  6:58  Banshee  
  56  6:59  SCV  
  56  7:01  Marine x2  
  60  7:02  Orbital Command  
  62  7:11  Hi-Sec Auto Tracking  
  62  7:14  Siege Tank  
  65  7:18  Rapid Reignition System  
  65  7:28  SCV x3  
  68  7:40  SCV x2  
  68  7:42  Bunker  
  70  8:03  Viking x2  
  74  8:14  Missile Turret  
  74  8:33  Viking x2  
  78  8:36  Missile Turret  
  78  8:38  Missile Turret  
  78  8:40  Refinery  
  78  8:56  Missile Turret x2  
  78  8:58  Missile Turret  
  78  9:00  Missile Turret  
  78  9:03  Viking x2  
  78  9:07  Missile Turret x2  
  78  9:08  Missile Turret  
  82  9:12  Missile Turret  
  82  9:19  Siege Tank  
  82  9:23  Barracks  
  85  9:40  Supply Depot  
  85  9:41  Refinery  
  85  9:47  Supply Depot  
  85  9:59  Viking  
  84  10:02  Viking  
  84  10:03  Missile Turret  
  84  10:04  Missile Turret  
  83  10:08  Missile Turret  
  80  10:16  Barracks Reactor  
  80  10:29  Viking  
  80  10:32  Viking  
  81  10:59  Viking  
  70  11:33  Starport  
  70  11:35  Starport  
  41  12:04  Orbital Command  
  40  12:21  Starport Tech Lab  
  40  12:22  Starport Tech Lab  
  34  13:16  Banshee x2  
  37  13:44  Orbital Command  
  37  13:52  SCV  
  38  13:59  Banshee x2  
  44  14:03  Engineering Bay  
  44  14:04  SCV  
  45  14:16  SCV  
  46  14:21  Barracks Reactor  
  46  14:23  Fusion Core  
  46  14:28  SCV x2  
  46  14:30  Barracks Reactor  
  48  14:40  SCV  
  48  14:42  Banshee  
  52  14:59  SCV  
  53  15:08  Supply Depot  
  53  15:11  Supply Depot  
  53  15:19  SCV  
  53  15:27  Command Center  
  53  15:31  Refinery  
  53  15:32  SCV x2, Banshee x2  
  61  15:36  Starport Tech Lab  
  61  15:38  Neosteel Armor  
  61  16:25  SCV x2, Banshee x3  
  69  16:26  SCV  
  69  16:27  Factory Tech Lab  
  73  16:37  SCV x2  
  73  16:38  SCV, Supply Depot x2  
  76  16:50  SCV  
  32  17:04  SCV x2  
  32  17:07  Supply Depot, Siege Tank  
  32  17:08  Banshee  
  40  17:09  Viking  
  45  17:16  SCV  
  45  17:18  Refinery  
  45  17:20  Refinery  
  46  17:33  Marine x3  
  46  17:34  Marine  
  46  17:36  Missile Turret  
  50  17:39  Viking  
  50  17:40  Missile Turret  
  50  17:41  Missile Turret  
  49  17:44  Missile Turret  
  49  17:50  Missile Turret  
  52  17:53  Missile Turret  
  52  17:54  Missile Turret  
  49  18:10  Missile Turret  
  49  18:11  Missile Turret  
  49  18:12  Missile Turret  
  41  18:21  Starport  
  41  18:22  Missile Turret  
  41  18:23  Planetary Fortress  
  37  18:32  Missile Turret  
  37  18:53  Marine x4  
  35  19:06  SCV  
  33  19:11  Marine x4, Missile Turret  
  33  19:15  SCV  
  38  19:17  Starport Reactor  
  38  19:18  SCV  
  38  19:21  Viking  
  41  19:27  SCV  
  41  19:29  Marine x4  
  41  19:30  SCV  
  47  19:34  Missile Turret  
  47  19:36  Missile Turret  
  45  19:39  SCV  
  45  19:42  SCV  
  37  19:46  Marine  
  37  19:51  Viking, SCV  
  36  19:52  Marine  
  36  19:53  Marine x2  
  36  19:55  SCV  
  36  19:58  Siege Tank  
  41  20:03  SCV  
  42  20:08  Marine  
  42  20:10  Marine x2  
  42  20:11  Marine  
  46  20:20  Missile Turret  
  46  20:21  Viking  
  48  20:22  Missile Turret  
  48  20:26  Marine  
  48  20:28  Marine x3  
  44  20:44  Marine  
Tags
 
Add a new tag
Caveats
  • Supply blocks, unpowered buildings, or Contaminate may cause inaccurate times.
  • Supply counts are checked every 10 seconds.